 Dungeon Crawl Stone Soup version 0.27.0-1-g7a089689b8 (webtiles) character file.

Game seed: 14656798943394889308

23 nxtlvl the Slasher (level 2, 0/18 HPs)
             Began as a Deep Elf Monk on Aug 7, 2021.
             Slain by an ufetubus (2 damage)
             ... on level 5 of the Dungeon.
             The game lasted 00:04:15 (541 turns).

nxtlvl the Slasher (Deep Elf Monk)                   Turns: 541, Time: 00:04:16

Health: 0/18       AC:  2    Str:  8    XL:     2   Next: 72%
Magic:  4/4        EV: 13    Int: 14    God:
Gold:   36         SH:  0    Dex: 17    Spells: 1/1 levels left

rFire    . . .     SeeInvis .   a - +1 long sword
rCold    . . .     Faith    .   (no shield)
rNeg     . . .     Spirit   .   c - +0 robe
rPois    .         Reflect  .   (no helmet)
rElec    .         Harm     .   (no cloak)
rCorr    .         Rampage  .   (no gloves)
Will     .....                  (no boots)
Stlth    ++........             (no amulet)
HPRegen  0.06/turn              (no ring)
MPRegen  0.09/turn              (no ring)

@: no status effects
A: no striking features
a: no special abilities


You were on level 5 of the Dungeon.
You visited 1 branch of the dungeon, and saw 5 of its levels.

You collected 36 gold pieces.

Inventory:

Hand Weapons
 a - a +1 long sword (weapon)
Armour
 c - a +0 robe (worn)
Jewellery
 b - a ring of magical power
Wands
 f - a wand of iceblast (8)
Scrolls
 d - a scroll of fear {unknown}
Potions
 e - a potion of lignification {unknown}


   Skills:
 - Level 2.4 Fighting
 * Level 3.7 Long Blades
 - Level 3.6 Dodging
 - Level 2.4 Stealth


You had one spell level left.
You didn't know any spells.
Your spell library was empty.

Dungeon Overview and Level Annotations

Branches:
Dungeon (5/15)
 Temple: D:4-7

Altars:


Message History

There is a stone staircase leading up here.
e - a fuming orange potion
Found a twisted copper wand.
f - a wand of iceblast (8)
Found 2 coppery potions.
An ogre comes into view. It is wielding a +0 giant club.
An adder comes into view.
Found a scroll labelled EBINWI QIFIBB.
An ufetubus comes into view.
The ufetubus shouts!
You hear a shout!
The ufetubus misses you.
You riposte.
You hit the ufetubus.
The ufetubus is lightly wounded.
The ufetubus barely misses you. x2; You riposte.
You closely miss the ufetubus.
The ufetubus is lightly wounded.
The ufetubus misses you.
You barely miss the ufetubus.
The ufetubus is lightly wounded.
The ufetubus hits you. x2; The ufetubus closely misses you.
You riposte.
You hit the ufetubus but do no damage.
The ufetubus is lightly wounded.
The ufetubus closely misses you.
You hit the ufetubus.
The ufetubus is moderately wounded.
The ufetubus barely misses you. The ufetubus closely misses you.
The ufetubus hits you. x2
* * * LOW HITPOINT WARNING * * *
Press: ? - help, v - describe, . - travel The floor.
You miss the ufetubus.
The ufetubus is moderately wounded.
The ufetubus misses you. The ufetubus barely misses you.
You barely miss the ufetubus.
The ufetubus is moderately wounded.
The ufetubus hits you but does no damage.
The ufetubus hits you.
* * * LOW HITPOINT WARNING * * *
The ufetubus hits you but does no damage.
The ufetubus barely misses you. The ufetubus hits you.
You die...

..... .... ..... ....
...... .. ..... ....
.###.... #... . ...#.#?.
..# .. #......###..##
...#... #...5...#
.......###.@###...#
#......#....#..... ##.
#..............# #
#....S....#..........#
#...###.####.......#....
#....#... #..##.#..# ##.
##.......###.....##.#
#.........#...####..#
....................#


You could see an ufetubus.

Vanquished Creatures
  2 dart slugs
  An orc (D:3)
  A ball python (D:4)
  A bat (D:3)
  A giant cockroach (D:2)
  2 goblins
  4 jackals (D:3)
  2 kobolds
  2 frilled lizards
16 creatures vanquished.

Notes
Turn   | Place    | Note
-------+----------+-------------------------------------------
     0 | D:1      | nxtlvl the Deep Elf Monk began the quest for the Orb.
     0 | D:1      | Reached XP level 1. HP: 13/13 MP: 3/3
    66 | D:2      | Reached XP level 2. HP: 7/18 MP: 4/4
   274 | D:4      | Noticed a scorpion
   301 | D:4      | Noticed an ice beast
   377 | D:4      | Noticed an ogre
   485 | D:5      | Entered Level 5 of the Dungeon
   517 | D:5      | Noticed an ogre
   541 | D:5      | Slain by an ufetubus

Illustrated notes

Levels and vault maps discovered:
D:1:      erik_arrival_triangle_huge, layout_loops_cross,
          shapermc_ecumenical_altar_hornbeckon
D:2:      layout_rooms
D:3:      layout_basic
D:4:      layout_loops_ring, nicolae_overflow_hidden_temple, minivault_14,
          minmay_misc_feat_more_columns, chequers_serial_rivers_marsh,
          chequers_arboretum
D:5:      layout_cave_pools, uniq_sigmund

Skill      XL: |  1 |
---------------+----+-----
Long Blades    | 3 |  3.7
Fighting       | |  2.4
Dodging        | |  3.6
Stealth        | |  2.4

Action                   || total
-------------------------++-------
Melee: Falchion          ||    20
       Long sword        ||    22
  Use: Scroll            ||     1
       Potion            ||     1
 Stab: Sleeping          ||     2
Armor: Robe              ||    12
Dodge: Dodged            ||    33
       Rpst.: Long sword ||    11
